 Dungeon Crawl Stone Soup version 0.22-a0-315-ge0921bb (webtiles) character file.

102 JeffiDaFish the Firebug (level 4, 0/24 HPs)
             Began as a Tengu Fire Elementalist on Apr 1, 2018.
             Slain by a gnoll
             ... wielding a +0 club
              (8 damage)
             ... on level 2 of the Dungeon.
             The game lasted 00:08:08 (3760 turns).

JeffiDaFish the Firebug (Tengu Fire Elementalist)   Turns: 3760, Time: 00:08:09

Health: 0/24       AC:  5    Str: 11    XL:     4   Next: 77%
Magic:  14/18      EV: 12    Int: 16    God:
Gold:   124        SH:  0    Dex: 14    Spells: 1/9 levels left

rFire    . . .     SeeInvis .   f - +2 dagger (speed)
rCold    . . .     Gourm    .   (no shield)
rNeg     . . .     Faith    .   a - +0 robe
rPois    .         Spirit   .   (helmet restricted)
rElec    .         Reflect  .   b - +1 cloak
rCorr    .         Harm     .   d - +1 pair of gloves
MR       .....     Rnd*Tele +   (boots unavailable)
Stlth    ++........             (no amulet)
HPRegen  0.08/turn              i - ring of magical power
MPRegen  0.16/turn              h - ring of teleportation (curse)

@: no status effects
A: beak, talons 3, deformed body, strong 1
a: no special abilities


You were on level 2 of the Dungeon.
You were not hungry.

You visited 1 branch of the dungeon, and saw 3 of its levels.

You collected 124 gold pieces.

Inventory:

Hand Weapons
 f - a +2 dagger of speed (weapon)
Armour
 a - a +0 robe (worn)
 b - a +1 cloak (worn)
 d - a +1 pair of gloves (worn)
Jewellery
 h - a cursed ring of teleportation (right hand)
 i - a ring of magical power (left hand)
 j - an uncursed ring of resist corrosion
 m - an uncursed amulet of harm {unknown}
Wands
 e - a wand of acid (3)
Scrolls
 l - a scroll of magic mapping
Potions
 k - 2 potions of curing
Comestibles
 c - 6 rations


   Skills:
 - Level 2.1 Dodging
 - Level 2.0 Stealth
 * Level 3.1 Spellcasting
 + Level 2.8 Conjurations
 * Level 4.5 Fire Magic


You had one spell level left.
You knew the following spells:

 Your Spells              Type           Power        Failure   Level  Hunger
a - Flame Tongue          Conj/Fire      ##...        4%          1    None
b - Conjure Flame         Conj/Fire      ##......     12%         3    ###....
c - Sticky Flame          Conj/Fire      ##......     38%         4    ####...


Dungeon Overview and Level Annotations

Branches:
Dungeon (3/15)

Altars:
Ashenzari
Trog
Yredelemnul

Annotations:
D:3 Grinder; skookin's ghost, amateur DrCj


Innate Abilities, Weirdness & Mutations

You have a beak for a mouth.
You have claws for feet.
Armour fits poorly on your strangely shaped body.
Your muscles are strong. (Str +2)


Message History

Casting: Flame Tongue (safe; 4% risk of failure)
Confirm with . or Enter, or press ? or * to list all spells.
You don't know that spell.
Casting: Flame Tongue (safe; 4% risk of failure)
Confirm with . or Enter, or press ? or * to list all spells.
Aiming: Flame Tongue (safe; 4% risk of failure)
Press: ? - help, Shift-Dir - straight line, f/p - gnoll
Aim: a gnoll, wielding a club The flame tongue hits the gnoll.
The gnoll is heavily wounded.
The gnoll barely misses you.
Casting: Flame Tongue (safe; 4% risk of failure)
Confirm with . or Enter, or press ? or * to list all spells.
Aiming: Flame Tongue (safe; 4% risk of failure)
Press: ? - help, Shift-Dir - straight line, f/p - gnoll
Aim: a gnoll, wielding a club (heavily wounded)
The flame tongue hits the gnoll.
The gnoll is severely wounded.
The gnoll hits you with a club!
You die...

### ##.## ########.#.##
#...@.#.###.## #.###g.##
##.######## ############.# #.##
##.#...... #...>...)....###..##
##.##.#####
#.##########.>...#.###.###.#
##.#########....####.#(## #.#
.............#..#####(## #.# #
###.########...#.......####.#####
#.# ##.##................#


You could see a gnoll.

Vanquished Creatures
  A gnoll (D:3)
  2 adders (D:2)
  4 dart slugs
  6 orcs
  4 bats
  3 giant cockroaches (D:2)
  4 hobgoblins
  9 jackals
  A ball python (D:2)
  4 frilled lizards (D:2)
  9 goblins
  5 kobolds
  A rat (D:2)
53 creatures vanquished.

Notes
Turn   | Place    | Note
-------+----------+-------------------------------------------
     0 | D:1      | JeffiDaFish the Tengu Fire Elementalist began the quest for the Orb.
     0 | D:1      | Reached XP level 1. HP: 10/10 MP: 4/4
   234 | D:1      | Found a shattered altar of Ashenzari.
   566 | D:1      | Reached XP level 2. HP: 5/15 MP: 1/6
  1629 | D:2      | Reached XP level 3. HP: 17/19 MP: 3/7
  1957 | D:2      | Reached skill level 4 in Fire Magic
  2509 | D:2      | Learned a level 3 spell: Conjure Flame
  2558 | D:2      | Gained mutation: Armour fits poorly on your strangely shaped body. [potion of mutation]
  2558 | D:2      | Gained mutation: Your muscles are strong. (Str +2) [potion of mutation]
  2759 | D:2      | Found a bloodstained altar of Trog.
  2787 | D:2      | Reached XP level 4. HP: 22/24 MP: 9/9
  2811 | D:2      | Found a basalt altar of Yredelemnul.
  3212 | D:2      | Learned a level 4 spell: Sticky Flame
  3375 | D:3      | Noticed skookin's ghost (amateur DrCj)
  3714 | D:3      | Noticed Grinder
  3760 | D:2      | Slain by a gnoll

Vault maps used:
D:1:      lightli_arrival_statuegarden, nicolae_ashenzari_panopticon
D:2:      bloody_trog, old_standard_altar
D:3:      lemuel_doored_altar, nicolae_overflow_hidden_temple, uniq_grinder

Skill      XL: |  1  2  3  4 |
---------------+-------------+-----
Conjurations   | 2 |  2.8
Fire Magic     | 4 |  4.5
Spellcasting   | 3 |  3.1
Dodging        | |  2.1
Stealth        | |  2.0

Action                   |  1- 3 |  4- 6 || total
-------------------------+-------+-------++-------
Melee: Unarmed           |     4 |       ||     4
       Kick              |     8 |     3 ||    11
       Dagger            |    30 |    13 ||    43
       Peck              |     2 |     1 ||     3
 Cast: Flame Tongue      |    59 |    31 ||    90
       Conjure Flame     |       |     1 ||     1
  Use: Potion            |     8 |     1 ||     9
       Scroll            |     6 |     1 ||     7
 Stab: Sleeping          |     1 |     2 ||     3
  Eat: Chunk             |     6 |     3 ||     9
Armor: Robe              |    11 |     2 ||    13
Dodge: Dodged            |    36 |    15 ||    51

Table legend:
 A = Spawn XP
 B = Non-spawn XP
 C = Spawn XP percentage of total XP
 D = Spawn monster count
 E = Non-spawn monster count
 F = Spawn count percentage of total count
 G = Total turns spent on level
                    A         B        C        D         E        F      G
               +---------+---------+-------+---------+---------+-------+---------
         Total |       0 |     146 |   0.0 |       0 |      53 |   0.0 |  3760
               +---------+---------+-------+---------+---------+-------+---------
           D:1 |       0 |      32 |   0.0 |       0 |      14 |   0.0 |  1639
           D:2 |       0 |      83 |   0.0 |       0 |      32 |   0.0 |  1681
           D:3 |       0 |      31 |   0.0 |       0 |       7 |   0.0 |   440
               +---------+---------+-------+---------+---------+-------+---------
